 Dungeon Crawl Stone Soup version 0.30.1-6-gbe392663c4 (webtiles) character file.

Game seed: 14009356188943858128

35 asdasdasdasdasd the Sneak (level 3, -1/16 HPs)
             Began as a Spriggan Enchanter on Sept 21, 2023.
             Was a Follower of Okawaru.
             Slain by a quokka (3 damage)
             ... on level 2 of the Dungeon.
             The game lasted 00:09:12 (957 turns).

asdasdasdasdasd the Sneak (Spriggan Enchanter)       Turns: 957, Time: 00:09:14

Health: -1/16      AC:  2    Str:  6    XL:     3   Next: 16%
Magic:  8/8        EV: 17    Int: 16    God:    Okawaru [*.....]
Gold:   67         SH:  0    Dex: 15    Spells: 6/8 levels left

rFire   . . .        a - +1 dagger
rCold   . . .        (no shield)
rNeg    . . .        b - +0 robe
rPois   .            (helmet restricted)
rElec   .            (no cloak)
rCorr   .            (gloves unavailable)
SInv    +            (boots unavailable)
Will    .....        (no amulet)
Stlth   +++          (no ring)
HPRegen 0.22/turn    (no ring)
MPRegen 0.11/turn

%: no passive effects
@: lethally poisoned (-1 -> -5), very quick
A: very small, no large weapons, unfitting armour, see invisible, speed 3
a: Renounce Religion, Heroism


You were on level 2 of the Dungeon.
You worshipped Okawaru.
Okawaru was aware of your devotion.
You visited 1 branch of the dungeon, and saw 2 of its levels.

You collected 67 gold pieces.

Inventory:

Hand Weapons
 a - a +1 dagger (weapon)
Armour
 b - a +0 robe (worn)
Magical Staves
 d - a staff of conjuration
Scrolls
 h - a scroll of immolation {unknown}
 j - a scroll of magic mapping {unknown}
 l - a scroll of identify {unknown}
Potions
 c - 3 potions of invisibility
 e - a potion of attraction {unknown}
 f - a potion of heal wounds {unknown}
 g - 2 potions of curing {unknown}
 i - a potion of magic {unknown}
 k - a potion of brilliance {unknown}


   Skills:
 + Level 0.3 Fighting
 + Level 1.2 Short Blades
 + Level 3.0 Dodging
 + Level 5.3 Stealth
 + Level 3.1 Spellcasting
 + Level 4.0 Hexes


You had 6 spell levels left.
You knew the following spells:

 Your Spells              Type           Power      Damage    Failure   Level
a - Ensorcelled Hibernat  Hex/Ice        16%        N/A       12%         2

Your spell library contained the following spells:

 Spells                   Type           Power      Damage    Failure   Level
 Confusing Touch          Hex            15%        N/A       11%         3
 Foxfire                  Conj/Fire      8%         2x1d4     19%         1
 Dazzling Flash           Conj/Hex       16%        N/A       24%         3
 Portal Projectile        Hex/Tloc       16%        N/A       24%         3
 Leda's Liquefaction      Hex/Erth       4%         N/A       63%         4
 Tukima's Dance           Hex            Unusable   N/A       N/A         3
 Call Canine Familiar     Summ           Unusable   N/A       N/A         3

Dungeon Overview and Level Annotations

Branches:
Dungeon (2/15)

Altars:
Okawaru


Innate Abilities, Weirdness & Mutations

You are very small and have problems with some larger weapons.
You are too small for most types of armour.
You have supernaturally acute eyesight. (SInv)
You cover ground extremely quickly. (Speed+++)


Message History

The adder is moderately wounded.
The adder bites you.
You closely miss the adder.
The adder is moderately wounded.
The quokka misses you. The adder misses you.
You closely miss the adder.
The adder is moderately wounded.
The quokka closely misses you. The adder barely misses you.
The quokka bites you.
You miss the adder.
The adder is moderately wounded.
The adder completely misses you. The quokka barely misses you.
The adder completely misses you.
You barely miss the adder.
The adder is moderately wounded.
The adder misses you. The quokka closely misses you.
You hit the adder.
The adder is severely wounded.
The adder bites you. The quokka misses you.
You miss the adder.
The adder is heavily wounded.
The adder closely misses you. The quokka barely misses you.
You closely miss the adder.
The adder is heavily wounded.
The adder bites you. The quokka closely misses you. The adder misses you.
You closely miss the adder.
The adder is heavily wounded.
The quokka bites you. The adder barely misses you.
You miss the adder.
The adder is heavily wounded.
The quokka completely misses you. The adder bites you.
You are lethally poisoned!
The adder poisons you!
You miss the adder.
The adder is heavily wounded.
* * * LOW HITPOINT WARNING * * *
You feel sick. The quokka bites you.
* * * LOW HITPOINT WARNING * * *
The adder misses you. The quokka bites you.
You die...

....#..#.#...####
................#
............#....
.##.........<...
...............
..###.......#.
..#.).......############
........................
................@#######
................Sr.....#
..###............##....#
.. .......###.....# ...#
..........#......... ...
..........#.......... ..
..........#.......... .
.. #.........


You could see an adder and a quokka.

Vanquished Creatures
  5 ball pythons
  2 giant cockroaches (D:2)
  3 goblins (D:1)
  2 hobgoblins (D:1)
  4 jackals (D:1)
  3 quokkas
  3 bats (D:1)
  2 frilled lizards (D:1)
  3 kobolds
  4 rats (D:1)
31 creatures vanquished.

Notes
Turn   | Place    | Note
-------+----------+-------------------------------------------
     0 | D:1      | asdasdasdasdasd the Spriggan Enchanter began the quest for
                  | the Orb.
     0 | D:1      | Reached XP level 1. HP: 9/9 MP: 5/5
    59 | D:1      | Found a faded altar of an unknown god.
    68 | D:1      | Got Plato's Vademecum on Arson
   112 | D:1      | Prayed at the altar of an unknown god.
   112 | D:1      | Became a worshipper of Warmaster Okawaru
   112 | D:1      | Reached * piety under Okawaru
   324 | D:1      | Reached XP level 2. HP: 12/13 MP: 6/6
   605 | D:1      | Reached skill level 5 in Stealth
   804 | D:1      | Reached XP level 3. HP: 16/16 MP: 8/8
   890 | D:2      | Learned a level 2 spell: Ensorcelled Hibernation
   957 | D:2      | Slain by a quokka

Illustrated notes

Levels and vault maps discovered:
D:1:      dpeg_arrival_long_road, layout_basic,
          shapermc_ecumenical_altar_rom_forum, minmay_misc_feat_enclosed
D:2:      layout_basic

Skill      XL: |  1  2  3 |
---------------+----------+-----
Stealth        | 5 |  5.3
Spellcasting   | 3 |  3.1
Dodging        | 3 |  3.0
Hexes          | 4 |  4.0
Fighting       | |  0.3
Short Blades   | |  1.2

Action                     || total
---------------------------++-------
  Melee: Dagger            ||   110
   Stab: Sleeping          ||    11
 Armour: Robe              ||     8
  Dodge: Dodged            ||    94
